 Seeded DCSS version 0.31-a0-851-g7ff8af7976 (webtiles) character file.

Game seed: 16491693759405210375 (custom seed)

123 GigaChad the Shield-Bearer (level 5, 36/42 HPs)
             Began as a Formicid Fighter on Oct 6, 2023.
             Quit the game on level 3 of the Dungeon.
             The game lasted 00:02:30 (1769 turns).

GigaChad the Shield-Bearer (Formicid Fighter)       Turns: 1769, Time: 00:02:30

Health: 36/42      AC:  7    Str: 23    XL:     5   Next: 29%
Magic:  6/6        EV:  8    Int:  7    God:
Gold:   205        SH:  9    Dex: 13    Spells: 6/6 levels left

rFire   . . .        a - +0 war axe
rCold   . . .        j - +0 kite shield
rNeg    . . .        b - +0 scale mail
rPois   .            (helmet unavailable)
rElec   .            (no cloak)
rCorr   .            (no gloves)
SInv    +            (no boots)
Will    .....        (no amulet)
Stlth   +            (no ring)
HPRegen 0.27/turn    (no ring)
MPRegen 0.10/turn

%: no passive effects
@: weak-willed
A: permanent stasis, dig shafts and tunnels, antennae 3, four strong arms
a: Dig, Shaft Self


You were on level 3 of the Dungeon.
You visited 1 branch of the dungeon, and saw 3 of its levels.

You collected 205 gold pieces.

Inventory:

Hand Weapons
 a - a +0 war axe (weapon)
Armour
 b - a +0 scale mail (worn)
 c - a +0 buckler
 j - a +0 kite shield (worn)
Jewellery
 g - a ring of flight
Potions
 d - 2 potions of might
 f - a potion of heal wounds {unknown}
 i - a potion of curing {unknown}
 k - a potion of attraction {unknown}


   Skills:
 * Level 3.9 Fighting
 * Level 3.2 Axes
 * Level 3.9 Armour
 * Level 2.0 Stealth
 * Level 4.5 Shields
 * Level 1.0 Spellcasting


You had 6 spell levels left.
You didn't know any spells.
Your spell library contained the following spells:

 Spells                   Type           Power      Damage    Failure   Level
 Freeze                   Ice            0%         1d3       92%         1
 Slow                     Hex            0%         N/A       92%         1
 Confusing Touch          Hex            0%         N/A       100%        3
 Dazzling Flash           Conj/Hex       0%         N/A       100%        3
 Frozen Ramparts          Ice            0%         1d1       100%        3
 Hailstorm                Conj/Ice       0%         3d3       100%        3
 Ozocubu's Armour         Ice            0%         N/A       100%        3
 Sigil of Binding         Hex            0%         N/A       100%        3
 Vampiric Draining        Necr           0%         2d6       100%        3
 Agony                    Necr           0%         N/A       100%        5
 Silence                  Hex/Air        0%         N/A       100%        5
 Ozocubu's Refrigeration  Ice            0%         4d7       100%        7


Dungeon Overview and Level Annotations

Branches:
Dungeon (3/15)

Altars:


Innate Abilities, Weirdness & Mutations

You cannot be hasted, slowed, berserked, paralysed or teleported.
You can dig through walls and to a lower floor.
You have a pair of large antennae on your head. (SInv)
Your four strong arms can wield two-handed weapons with a shield.


Message History

You are frozen.
The orc completely misses you. The endoplasm completely misses you.
You barely miss the endoplasm.
The endoplasm is moderately wounded.
You barely miss the giant cockroach. You slash the orc!
You kill the orc!
You hit the orc. You block the giant cockroach's attack.
The orc hits you with a +0 dagger. The giant cockroach closely misses you.
The endoplasm freezes you.
You are frozen.
You slash the orc!
You kill the orc!
You slash the giant cockroach!
You kill the giant cockroach!
You hit the endoplasm.
You kill the endoplasm!
You hit the orc but do no damage. You block the orc's attack.
The orc hits you but does no damage. x2
You slash the orc!
You kill the orc!
You slash the orc!
You kill the orc!
Your Stealth skill increases to level 2!
Unknown command.
No target in view!
Unknown command.
No target in view!
As you read the scroll labelled CIACAA NONYU, it crumbles to dust.
Your stasis prevents you from teleporting.
It was a scroll of blinking.
As you read the scroll labelled XASULI ZO BEITYG, it crumbles to dust.
Magic quickly surges around you.
It was a scroll of vulnerability.
As you read the scroll labelled NUINUR CEOFOKH, it crumbles to dust.
Wisps of shadow whirl around you...
It was a scroll of summoning.
As you read the scroll labelled MUT UMYTARECAGA, it crumbles to dust.
It is a scroll of amnesia.
You feel forgetful for a moment.
As you read the scroll labelled MIRONE GUCO, it crumbles to dust.
You feel a strange sense of stasis.
It was a scroll of teleportation.
Are you sure you want to abandon this character and quit the game? (Confirm with "yes".)

..# .### { ...
..... #.. [....
#.# { ##.##.....
#..####..#......
#.....)........
#....lB)...... {
+...K@J.....<
#.....)......
#...:....[...
##>..########
#.#.....#
#..####..# ##.##
.# #..## {
##..##


You could see a friendly endoplasm (summoned), a friendly giant cockroach
(summoned), a friendly kobold (summoned) and a friendly frilled lizard
(summoned).

Vanquished Creatures
  3 adders
  3 worms (D:2)
  A dart slug (D:2)
  7 orcs
  6 bats
  8 endoplasms
  2 giant cockroaches
  8 goblins
  7 hobgoblins
  8 jackals (D:1)
  2 quokkas (D:3)
  5 ball pythons
  2 frilled lizards (D:1)
  4 kobolds
  4 rats
70 creatures vanquished.

Notes
Turn   | Place    | Note
-------+----------+-------------------------------------------
     0 | D:1      | GigaChad the Formicid Fighter began the quest for the Orb.
     0 | D:1      | Reached XP level 1. HP: 18/18 MP: 1/1
    42 | D:1      | Reached XP level 2. HP: 20/24 MP: 2/2
   207 | D:1      | Reached XP level 3. HP: 29/29 MP: 3/3
   284 | D:1      | Reached skill level 1 in Stealth
   815 | D:2      | Reached XP level 4. HP: 36/37 MP: 4/4
  1207 | D:2      | Reached skill level 1 in Spellcasting
  1323 | D:2      | Reached XP level 5. HP: 42/42 MP: 6/6
  1769 | D:3      | Quit the game

Illustrated notes

Levels and vault maps discovered:
D:1:      ebering_trefoil_twist, layout_loops_ring
D:2:      minmay_general_purpose_star, layout_loops_ring,
          guppyfry_early_orc_mine
D:3:      layout_basic, minmay_close_crescents

Skill      XL: |  1  2  3  4  5 |
---------------+----------------+-----
Stealth        | 1 2 |  2.0
Spellcasting   | 1 |  1.0
Axes           | 3 |  3.2
Fighting       | |  3.9
Armour         | |  3.9
Shields        | |  4.5

Action                     |  1- 3 |  4- 6 || total
---------------------------+-------+-------++-------
  Melee: War axe           |    84 |    62 ||   146
    Use: Scroll            |       |     5 ||     5
 Armour: Scale mail        |    61 |    34 ||    95
  Dodge: Dodged            |    52 |    25 ||    77
  Block: Buckler           |    28 |     2 ||    30
         Kite shield       |       |    24 ||    24

Table legend: (Time is in decaauts)
 A = Elapsed time spent in this place.
 B = Non-inter-level travel time spent in this place.
 C = Inter-level travel time spent in this place.
 D = Time resting spent in this place.
 E = Time spent auto-exploring this place.
 F = Levels seen in this place.
 G = Mean time per level.
                   A        B        C        D        E       F      G
               +--------+--------+--------+--------+--------+-----+--------+
         Total |   1831 |   1805 |     26 |      0 |   1356 |   3 |  610.3 |
       Dungeon |   1831 |   1805 |     26 |      0 |   1356 |   3 |  610.3 |
               +--------+--------+--------+--------+--------+-----+--------+

Top non-repeatable levels by time:
     D:2: 977 daAuts
     D:1: 761 daAuts
     D:3: 93 daAuts
